AoeStats
← 3379631833

QS Arena

503116205Analyzed
3v3 RM · 1mo ago on Aug 30, 2026· 60m 36s· 6 players
Game mode
Random Map
Map size
Normal (6 player)
Population
200
Speed
Normal
Resources
Standard
Victory
Conquest
Starting age
Dark Age
Ending age
Imperial Age
RankedLock teamsTeams togetherTeam positionsShared explorationLock speedFull tech treeHidden civsTurbo modeCheats
Victory
Defeat
🇩🇪 Khmer · Germany
942
+11
🇹🇼 Persians · Taiwan
848
+15
🇨🇳 Franks · China
804
+17
🇨🇳 Mongols · China
864
-16
🇩🇪 Goths · Germany
828
-14
🇵🇱 Khitans · Poland
768
-12
Doimple
8:10 Feudal Age
12:06 Castle Age
9:54 Horse Collar
10:03 Double-Bit Axe
13:02 Heavy Plow
14:21 Loom
18:12 Town Watch
20:13 Bow Saw
21:31 Wheelbarrow
23:33 Hand Cart
24:09 Gold Mining
24:09 Stone Mining
25:33 Town Patrol
27:28 Gold Shaft Mining
27:28 Stone Shaft Mining
31:13 Imperial Age
28:58 Fletching
29:08 Padded Archer Armor
29:30 Ballistics
29:06 Murder Holes
29:21 Nomads
30:13 Bodkin Arrow
30:33 Leather Archer Armor
30:31 Masonry
31:40 Elite Mangudai
34:06 Drill
34:07 Conscription
36:17 Chemistry
35:23 Siege Engineers
35:22 Bracer
43:31 Squires
43:16 Arson
42:52 Pikeman
43:46 Forging
43:36 Scale Mail Armor
48:23 Onager
52:38 Caravan
Pfost3n
8:07 Feudal Age
10:35 Double-Bit Axe
13:47 Castle Age
15:31 Bow Saw
22:18 Man-at-Arms
26:56 Wheelbarrow
26:27 Long Swordsman
27:19 Scale Mail Armor
27:17 Horse Collar
28:27 Forging
29:49 Hand Cart
30:22 Pikeman
35:06 Imperial Age
33:23 Iron Casting
33:03 Chain Mail Armor
33:16 Heavy Plow
35:21 Anarchy
35:15 Onager
35:29 Two-Handed Swordsman
38:09 Blast Furnace
38:11 Halberdier
38:22 Elite Skirmisher
39:30 Conscription
41:56 Champion
43:32 Fletching
43:42 Padded Archer Armor
46:43 Elite Huskarl
49:02 Bodkin Arrow
52:29 Caravan
57:00 Capped Ram
MaxHitman2020
8:49 Feudal Age
16:54 Castle Age
15:02 Man-at-Arms
20:36 Pikeman
39:14 Imperial Age
43:15 Domestication
43:24 Double-Bit Axe
48:07 Forging
47:59 Scale Mail Armor
52:34 Bow Saw
56:19 Heavy Camel Rider
58:12 Elite Skirmisher
Destiny
9:44 Feudal Age
15:17 Castle Age
13:37 Double-Bit Axe
13:37 Horse Collar
16:42 Wheelbarrow
16:14 Heavy Plow
16:28 Bow Saw
21:25 Gold Mining
22:50 Gold Shaft Mining
23:05 Stone Mining
24:47 Bloodlines
24:38 Husbandry
25:00 Scale Barding Armor
29:12 Imperial Age
28:38 Light Cavalry
29:51 Forging
30:02 Chain Barding Armor
30:12 Hand Cart
29:42 Town Watch
29:43 Hussar
31:28 Crop Rotation
30:54 Elite Ballista Elephant
32:02 Conscription
32:51 Plate Barding Armor
33:47 Town Patrol
34:02 Double Crossbow
34:42 Iron Casting
34:46 Siege Engineers
35:02 Ballistics
37:24 Blast Furnace
44:43 Chemistry
43:54 Masonry
43:55 Fortified Wall
53:39 Fletching
54:55 Hoardings
60:51 Coinage
u9313317
0:43 Loom
10:17 Feudal Age
14:27 Castle Age
13:23 Fletching
14:25 Scale Mail Armor
15:20 Double-Bit Axe
16:17 Horse Collar
17:14 Wheelbarrow
17:40 Crossbowman
23:01 Stone Mining
23:47 Heavy Plow
24:56 Bow Saw
26:17 Hand Cart
27:16 Town Watch
28:10 Pikeman
29:10 Forging
31:34 Imperial Age
30:41 Iron Casting
30:22 Chain Mail Armor
30:03 Bodkin Arrow
30:09 Padded Archer Armor
30:33 Elite Skirmisher
31:19 Thumb Ring
32:03 Masonry
32:07 Gold Mining
32:52 Squires
34:06 Two-Man Saw
35:04 Bloodlines
34:15 Cavalier
34:56 Husbandry
35:16 Town Patrol
34:50 Light Cavalry
36:49 Blast Furnace
36:20 Plate Mail Armor
37:33 Chemistry
38:22 Hussar
43:33 Kamandaran
52:50 Crop Rotation
56:34 Savar
3379631833
0:39 Loom
10:51 Feudal Age
11:35 Double-Bit Axe
12:15 Stone Mining
17:57 Castle Age
16:02 Man-at-Arms
26:19 Gold Mining
32:52 Bow Saw
33:42 Murder Holes
34:41 Gold Shaft Mining
34:46 Husbandry
34:42 Fletching
35:03 Forging
34:53 Scale Mail Armor
34:53 Padded Archer Armor
34:59 Scale Barding Armor
37:55 Imperial Age
39:30 Iron Casting
39:11 Leather Archer Armor
39:17 Chain Barding Armor
38:52 Bodkin Arrow
39:13 Chain Mail Armor
39:33 Cavalier
45:03 Wheelbarrow
46:42 Blast Furnace
47:03 Paladin
50:05 Hand Cart
49:39 Town Watch
53:35 Town Patrol
Connection lost

Rejoining the realm…

Still unreachable

The connection could not be restored.

Session expired

The server has moved on; the page needs a fresh start.